 Dungeon Crawl Stone Soup version 0.24-a0-486-ged88169 (webtiles) character file.

Game seed: 12578989893323794475

164 Spazmo the Magician (level 5, -2/28 HPs)
             Began as a Deep Elf Fire Elementalist on July 8, 2019.
             Was an Initiate of Sif Muna.
             Slain by Grinder (11 damage)
             ... on level 3 of the Dungeon.
             The game lasted 00:06:29 (2404 turns).

Spazmo the Magician (Deep Elf Fire Elementalist)    Turns: 2404, Time: 00:06:30

Health: -2/28      AC:  5    Str:  5    XL:     5   Next: 21%
Magic:  5/14       EV: 13    Int: 21    God:    Sif Muna [......]
Gold:   211        SH:  0    Dex: 15    Spells: 3/13 levels left

rFire    . . .     SeeInvis +   e - +0 short sword
rCold    . . .     Gourm    .   (no shield)
rNeg     . . .     Faith    .   a - +0 robe
rPois    .         Spirit   .   m - +0 helmet
rElec    .         Reflect  .   f - +1 cloak
rCorr    .         Harm     .   (no gloves)
MR       .....                  (no boots)
Stlth    ++........             (no amulet)
HPRegen  0.09/turn              l - ring of see invisible
MPRegen  0.14/turn              (no ring)

@: no status effects
A: no striking features
a: Renounce Religion


You were on level 3 of the Dungeon.
You worshipped Sif Muna.
Sif Muna was noncommittal.
You were not hungry.

You visited 1 branch of the dungeon, and saw 3 of its levels.

You collected 211 gold pieces.

Inventory:

Hand Weapons
 e - a +0 short sword (weapon)
Missiles
 b - 52 stones (quivered)
Armour
 a - a +0 robe (worn)
 f - a +1 cloak (worn)
 m - a +0 helmet (worn)
Jewellery
 l - a ring of see invisible (left hand)
 n - an uncursed amulet of harm {unknown}
Scrolls
 p - a scroll of remove curse
Potions
 d - 2 potions of curing
 g - a potion of degeneration {unknown}
 h - a potion of berserk rage {unknown}
 i - a potion of heal wounds
 j - a potion of might
 o - a potion of invisibility {unknown}
 q - a potion of magic {unknown}
 r - a potion of agility
Comestibles
 c - 6 rations


   Skills:
 - Level 2.4 Dodging
 - Level 2.4 Stealth
 + Level 4.9 Spellcasting
 + Level 3.3 Conjurations
 + Level 4.5 Fire Magic


You had 3 spell levels left.
You knew the following spells:

 Your Spells              Type           Power        Failure   Level  Hunger
a - Flame Tongue          Conj/Fire      ###..        2%          1    None
b - Throw Flame           Conj/Fire      ###...       3%          2    None
c - Conjure Flame         Conj/Fire      ###.....     6%          3    ##.....
d - Sticky Flame          Conj/Fire      ###.....     22%         4    ####...

Your spell library contained the following spells:

 Spells                   Type           Power        Failure   Level  Hunger
 Inner Flame              Hex/Fire       ##......     13%         3    ##.....
 Fireball                 Conj/Fire      ###.......   52%         5    #####..


Dungeon Overview and Level Annotations

Branches:
Dungeon (3/15)

Altars:
Gozag
Sif Muna
The Shining One

Annotations:
D:3 Grinder


Message History

Aiming: Flame Tongue (safe; 2% risk of failure)
Press: ? - help, Shift-Dir - straight line, f/p - Grinder
Aim: Grinder (heavily wounded, unusually strong)
The flame tongue hits Grinder.
Grinder is heavily wounded.
Casting: Flame Tongue (safe; 2% risk of failure)
Confirm with . or Enter, or press ? or * to list all spells.
Aiming: Flame Tongue (safe; 2% risk of failure)
Press: ? - help, Shift-Dir - straight line, f/p - Grinder
Aim: Grinder (heavily wounded, unusually strong)
The flame tongue hits Grinder!
Grinder is severely wounded.
Grinder misses you.
Casting: Flame Tongue (safe; 2% risk of failure)
Confirm with . or Enter, or press ? or * to list all spells.
Aiming: Flame Tongue (safe; 2% risk of failure)
Press: ? - help, Shift-Dir - straight line, f/p - Grinder
Aim: Grinder (severely wounded, unusually strong)
The flame tongue misses Grinder.
Grinder hits you!
You die...

#.###.###.###### #..#
#.# #.# #......# #..#
#.# #.#
######.###########..#
#.# #.#
#....).........# #.#
#.# ######.....##..#
#.###_# #.....##.†.
#.#...# ##
#.......÷##
#.#.#########.#
#.....##†##
#...........@#
#....)##.##
###.#########5#
###.####.## #.# .#
...# #).. #.## .#
##### #### #..# .#
#<# #.. ##.# .. ...
...# #.# ## #.# ##
#.# #.# ##### #.# #.#
#....


You could see Grinder.

Vanquished Creatures
  Jessica (D:2)
  A worker ant (D:2)
  Robin (D:1)
  An adder (D:3)
  4 worms
  A leopard gecko (D:3)
  7 giant cockroaches
  11 goblins
  10 hobgoblins
  3 jackals (D:2)
  11 kobolds
  A quokka (D:3)
  A ball python (D:1)
  11 bats
  3 frilled lizards
  15 rats
82 creatures vanquished.

Notes
Turn   | Place    | Note
-------+----------+-------------------------------------------
     0 | D:1      | Spazmo the Deep Elf Fire Elementalist began the quest for
                  | the Orb.
     0 | D:1      | Reached XP level 1. HP: 10/10 MP: 6/6
    96 | D:1      | Reached XP level 2. HP: 15/15 MP: 1/8
   100 | D:1      | Learned a level 2 spell: Throw Flame
   544 | D:1      | Reached XP level 3. HP: 19/19 MP: 6/10
   549 | D:1      | Learned a level 3 spell: Conjure Flame
   910 | D:2      | Noticed Jessica
   917 | D:2      | Killed Jessica
  1066 | D:2      | Noticed Robin
  1091 | D:2      | Reached XP level 4. HP: 18/24 MP: 3/12
  1103 | D:1      | Killed Robin
  1485 | D:2      | Learned a level 4 spell: Sticky Flame
  1683 | D:2      | Found a glowing golden altar of the Shining One.
  1729 | D:2      | Reached XP level 5. HP: 28/28 MP: 12/14
  1749 | D:2      | Found a deep blue altar of Sif Muna.
  1755 | D:2      | Became a worshipper of Sif Muna the Loreminder
  2019 | D:3      | Found an opulent altar of Gozag.
  2397 | D:3      | Noticed Grinder
  2404 | D:3      | Slain by Grinder

Levels and vault maps discovered:
D:1:      erik_arrival_orb_chamber, layout_basic
D:2:      layout_loops_ring, lemuel_doored_altar, led_sif_pool, uniq_robin,
          uniq_jessica
D:3:      layout_loops_ring, overflow_temple_1_default, uniq_grinder

Skill      XL: |  1  2  3  4 |
---------------+-------------+-----
Conjurations   | 2 3 |  3.3
Spellcasting   | 4 |  4.9
Fire Magic     | 4 |  4.5
Dodging        | |  2.4
Stealth        | |  2.4

Action                   |  1- 3 |  4- 6 || total
-------------------------+-------+-------++-------
Throw: Stone             |     1 |       ||     1
 Cast: Flame Tongue      |    66 |    82 ||   148
       Throw Flame       |       |     4 ||     4
  Use: Potion            |     2 |     2 ||     4
       Scroll            |     1 |     4 ||     5
  Eat: Chunk             |       |     4 ||     4
Armor: Robe              |     5 |     7 ||    12
Dodge: Dodged            |    16 |    16 ||    32

Table legend:
 A = Non-vault XP
 B = Vault XP
 C = Vault XP percentage of total XP
 D = Non-vault monster count
 E = Vault monster count
 F = Vault count percentage of total count
                 A         B        C        D         E       F
            +---------+---------+-------+---------+---------+-------
      Total |     160 |      75 |  31.9 |      62 |      20 |  24.4
            +---------+---------+-------+---------+---------+-------
        D:1 |      35 |      27 |  43.5 |      22 |      13 |  37.1
        D:2 |      88 |      48 |  35.3 |      26 |       7 |  21.2
        D:3 |      37 |       0 |   0.0 |      14 |       0 |   0.0
            +---------+---------+-------+---------+---------+-------
